 Dungeon Crawl Stone Soup version 0.29-a0-356-g7bc237e783 (webtiles) character file.

Game seed: 6194679679902457112

32 spaghetti the Caller (level 3, -5/19 HPs)
             Began as a Tengu Summoner on Apr 26, 2022.
             Slain by Sigmund
             ... wielding a +0 scythe
              (6 damage)
             ... on level 2 of the Dungeon.
             The game lasted 00:03:36 (1895 turns).

spaghetti the Caller (Tengu Summoner)               Turns: 1895, Time: 00:03:37

Health: -5/19      AC:  2    Str:  8    XL:     3   Next: 27%
Magic:  3/7        EV: 12    Int: 17    God:
Gold:   121        SH:  0    Dex: 14    Spells: 3/6 levels left

rFire   . . .      SeeInvis .   i - staff of air {!astaff}
rCold   . . .      Faith    .   (no shield)
rNeg    . . .      Spirit   .   a - +0 robe
rPois   .          Reflect  .   (helmet restricted)
rElec   +          Harm     .   (no cloak)
rCorr   .          Rampage  .   (no gloves)
Will    .....                   (boots unavailable)
Stlth   ++........              (no amulet)
HPRegen 0.06/turn               (no ring)
MPRegen 0.10/turn               (no ring)

@: no status effects
A: beak, talons 3
a: no special abilities


You were on level 2 of the Dungeon.
You visited 1 branch of the dungeon, and saw 2 of its levels.

You collected 121 gold pieces.


Innate Abilities, Weirdness & Mutations

You have a beak for a mouth.
You have claws for feet.


   Skills:
 + Level 1.3 Armour
 + Level 2.8 Dodging
 - Level 2.0 Stealth
 - Level 2.0 Spellcasting
 + Level 5.2 Summonings
 * Level 1.4 Air Magic


You had 3 spell levels left.
You knew the following spells:

 Your Spells              Type           Power      Damage    Failure   Level
a - Summon Small Mammal   Summ           76%        N/A       2%          1
b - Call Imp              Summ           19%        N/A       3%          2

Your spell library contained the following spells:

 Spells                   Type           Power      Damage    Failure   Level
 Call Canine Familiar     Summ           19%        N/A       7%          3
 Animate Skeleton         Necr           2%         N/A       19%         1
 Apportation              Tloc           2%         N/A       19%         1
 Summon Guardian Golem    Hex/Summ       10%        N/A       21%         3
 Summon Lightning Spire   Summ/Air       19%        N/A       45%         4
 Animate Armour           Summ/Erth      20%        N/A       54%         4
 Blade Hands              Tmut           0%         N/A       99%         5
 Iron Shot                Conj/Erth      0%         9d1       100%        6

Inventory:

Hand Weapons
 d - a +0 short sword {short}
   (You took it off a kobold on level 1 of the Dungeon)
 f - a +0 dagger {short}
   (You found it on level 1 of the Dungeon)
 g - a +0 dagger {short}
   (You took it off a kobold on level 1 of the Dungeon)
Missiles
 e - 60 stones (quivered) {throwing}
Armour
 a - a +0 robe (worn)
 c - a +0 cloak
   (You found it on level 1 of the Dungeon)
Magical Staves
 i - a staff of air (weapon) {!astaff}
   (You found it on level 1 of the Dungeon)
Scrolls
 j - a scroll of immolation {unknown}
Potions
 b - a potion of magic
 h - 2 potions of heal wounds {unknown}
 k - a potion of haste {unknown}

Dungeon Overview and Level Annotations

Branches:
Dungeon (2/15)

Altars:

Annotations:
D:2 Sigmund

.... #..# #..# #..# #..#
#..###.. #... ... .
######..###.######..
..................>#
#....#..###..5.r...#
#..#.#......@.r..#
#..#.#..##..........
#####.##†...##..........
.[#........###..........
#...#.###### #....[.....
##..#.# #..........
#..#.# #..........
##.#.# #..........
###.#.#


You could see a quokka (ally target), a friendly shadow imp (summoned) and a
friendly rat (summoned).


Message History

Confirm with . or Enter, or press ? or * to list all spells.
A beastly little devil appears in a puff of flame.
The endoplasm closely misses you. 😎 MP[-2]
You lost 2 mp, and now have 3/7 mp.
You hit the endoplasm.
You kill the endoplasm!
Your crimson imp blinks!
You hit the worm but do no damage. You peck the worm.
The worm barely misses you.
Your crimson imp blinks!
You hit the worm. The worm closely misses you.
You barely miss the worm. You barely miss the worm. You peck the worm.
You kill the worm!
Your crimson imp disappears in a puff of smoke!
Sigmund the Dreaded comes into view.
He is wielding a +0 scythe. 😎 MP[+4]
Your mp is fully restored (7).
Casting: Call Imp (safe; 3% risk of failure)
Confirm with . or Enter, or press ? or * to list all spells.
Sigmund shouts!
Sigmund casts a spell.
Sigmund flickers and vanishes!
Deactivating autopickup; reactivate with Ctrl-A. 😎 MP[-1]
You lost 1 mp, and now have 6/7 mp.
Casting: Summon Small Mammal (safe; 2% risk of failure)
Confirm with . or Enter, or press ? or * to list all spells.
You miscast Call Imp.
You are very lightly contaminated with residual magic.
Nothing appears to happen.
A bat comes into view. 😎 MP[-2]
You lost 2 mp, and now have 4/7 mp.
Casting: Call Imp (safe; 3% risk of failure)
Confirm with . or Enter, or press ? or * to list all spells.
A shadowy apparition takes form in the air.
A bat comes into view. 😎 MP[-2]
You lost 2 mp, and now have 2/7 mp.
Found a stone staircase leading down.
The bat barely misses you.
You miss the bat. You claw the bat.
You kill the bat!
The bat hits you but does no damage. x2
The bat hits your rat but does no damage.
Your rat bites the bat.
Your shadow imp gestures at the bat.
The bat writhes in agony!
The bat dies!
Unknown command.
Something hits you but does no damage.
A quokka comes into view.
You hit something. You claw something. Something hits you. 😮 HP[-6]
You take 6 damage, and now have 13/19 hp.
MASSIVE DAMAGE!! (PAUSE)
You closely miss something. You claw something.
Your magical contamination has completely faded away.
Saving game... please wait.
Level annotation: Sigmund 🤖 Initializing magus.rc ...
Options error: Delay interrupt name "hungry" not recognised. (~/.crawlrc:4761) Options error: Bad monster_list_colour key: strict_neutral (~/.crawlrc:4776) ✅ Successfully initialized magus.rc [v1.9.6] Welcome back, spaghetti the Tengu Summoner.
Press ? for a list of commands and other information.
Unknown command.
A quokka is nearby!
What are your orders? t - Shout!
Orders for allies: a - Attack new target. r - Retreat! s - Stop attacking. g - Guard the area. f - Follow me.
Anything else - Cancel.
Gang up on whom?
Press: ? - help, Dir - move target, f - quokka
Aim: a quokka Attack!
Something hits you!
Ouch! That really hurt!
* * * LOW HITPOINT WARNING * * *
Deactivating autopickup; reactivate with Ctrl-A.
Your shadow imp gestures at the quokka.
The quokka writhes in agony. 😱 HP[-12]
You take 12 damage, and now have 1/19 hp.
MASSIVE DAMAGE!! (PAUSE)
What are your orders? t - Shout!
Orders for allies: a - Attack new target. p - Attack previous target. r - Retreat! s - Stop attacking. g - Guard the area. f - Follow me.
Anything else - Cancel.
Gang up on whom?
Press: ? - help, Dir - move target, f/p - quokka
Aim: a quokka (moderately wounded, ally target) Attack!
Your rat bites the quokka but does no damage.
Something hits you.
You die...

Skill      XL: |  1  2 |
---------------+-------+-----
Summonings     | 5 |  5.2
Armour         | 1 |  1.3
Air Magic      | 1 |  1.4
Dodging        | |  2.8
Stealth        | |  2.0
Spellcasting   | |  2.0

Action                   || total
-------------------------++-------
Melee: Unarmed           ||    13
       Kick              ||    16
       Peck              ||     8
       Staff             ||    31
       Short sword       ||    10
Throw: Stone             ||     5
 Cast: Summon Small Mamm ||    20
       Call Imp          ||     6
 Stab: Distracted        ||     1
       Sleeping          ||     1
Armor: Robe              ||    20
Dodge: Dodged            ||    48

Levels and vault maps discovered:
D:1:      zaba_arrival_water, layout_loops_cross,
          shapermc_ecumenical_altar_mp_vishouse
D:2:      layout_basic, minmay_octomino_e4, uniq_sigmund, uniq_robin

Notes
Turn   | Place    | Note
-------+----------+-------------------------------------------
     0 | D:1      | spaghetti the Tengu Summoner began the quest for the Orb.
     0 | D:1      | Reached XP level 1. HP: 10/10 MP: 4/4
     0 | D:1      | magus.rc [v1.9.6]
   290 | D:1      | You pick up a book of Iron and begin reading...
   290 | D:1      | You add the spells Animate Armour, Blade Hands and Iron
                  | Shot to your library.
   381 | D:1      | Reached skill level 5 in Summonings
   415 | D:1      | Reached XP level 2. HP: 9/15 MP: 3/6
   553 | D:1      | HP: 2/15 [ball python (2)]
   843 | D:1      | Reached skill level 1 in Armour
   930 | D:1      | Learned a level 2 spell: Call Imp
  1284 | D:1      | Reached skill level 1 in Air Magic
  1284 | D:1      | Reached XP level 3. HP: 10/19 MP: 7/7
  1647 | D:1      | You pick up a book of Cantrips and begin reading...
  1647 | D:1      | You add the spells Animate Skeleton and Apportation to your
                  | library.
  1671 | D:1      | Found a faded altar of an unknown god.
  1885 | D:2      | Noticed Sigmund
  1894 | D:2      | magus.rc [v1.9.6]
  1894 | D:2      | HP: 1/19 [something (12)]
  1895 | D:2      | Slain by Sigmund

Vanquished Creatures
  A worm (D:2)
  2 ball pythons (D:1)
  4 bats
  5 endoplasms
  2 giant cockroaches (D:1)
  A goblin (D:1)
  A jackal (D:1)
  A kobold (D:1)
  A rat (D:1)
18 creatures vanquished.

Vanquished Creatures (collateral kills)
  An endoplasm (D:1)
  A goblin (D:1)
  A hobgoblin (D:1)
  A jackal (D:1)
  A bat (D:2)
  2 kobolds (D:1)
7 creatures vanquished.

Grand Total: 25 creatures vanquished

Table legend:
 A = Non-vault XP
 B = Vault XP
 C = Vault XP percentage of total XP
 D = Non-vault monster count
 E = Vault monster count
 F = Vault count percentage of total count
                 A         B        C        D         E       F
            +---------+---------+-------+---------+---------+-------
      Total |      47 |       0 |   0.0 |      25 |       0 |   0.0
            +---------+---------+-------+---------+---------+-------
        D:1 |      38 |       0 |   0.0 |      21 |       0 |   0.0
        D:2 |       9 |       0 |   0.0 |       4 |       0 |   0.0
            +---------+---------+-------+---------+---------+-------

Illustrated notes

Table legend:
 A = Kills in this place as a percentage of kills in entire the game.
 B = Kills by you in this place as a percentage of kills by you in the entire game.
 C = Kills by friends in this place as a percentage of kills by friends in the entire game.
 D = Other kills in this place as a percentage of other kills in the entire game.
 E = Experience gained in this place as a percentage of experience gained in the entire game.
 F = Experience gained in this place divided by the number of levels of this place that you have seen.
                   A       B       C       D       E      F
               +-------+-------+-------+-------+-------+----------------------
         Total | 100.0 | 100.0 | 100.0 |   N/A | 100.0 |  23.5
       Dungeon | 100.0 | 100.0 | 100.0 |   N/A | 100.0 |  23.5
               +-------+-------+-------+-------+-------+----------------------

Table legend: (Time is in decaauts)
 A = Elapsed time spent in this place.
 B = Non-inter-level travel time spent in this place.
 C = Inter-level travel time spent in this place.
 D = Time resting spent in this place.
 E = Time spent auto-exploring this place.
 F = Levels seen in this place.
 G = Mean time per level.
                   A        B        C        D        E       F      G
               +--------+--------+--------+--------+--------+-----+--------+
         Total |   1908 |   1901 |      7 |    585 |   1106 |   2 |  954.0 |
       Dungeon |   1908 |   1901 |      7 |    585 |   1106 |   2 |  954.0 |
               +--------+--------+--------+--------+--------+-----+--------+

Top non-repeatable levels by time:
     D:1: 1710 daAuts
     D:2: 197 daAuts
